Map: King's Cove LE

Players

HeroMarine

  • Race: Terran Terran
  • League: Grandmaster
  • Spawn Location: 5:00

llllllllllll (Stats) - Winner!

  • Race: Protoss Protoss
  • League: Master
  • Spawn Location: 11:00

Event: 2019 Assembly Summer

VOD

Have the link to the VOD?

Description

Time

  • Played on: Aug. 2, 2019, 12:07 p.m.
  • Length: 10:33

All games in this series

Show
View Real Time Build Order
Export as new Build Order

HeroMarine Terran 

Build Orders: Gas First Reaper Expand 

Get SALT Encoding   

  12  0:00  SCV  
  13  0:12  SCV  
  14  0:18  Supply Depot  
  14  0:25  SCV  
  15  0:29  Refinery  
  15  0:39  SCV  
  16  0:45  Barracks  
  16  0:52  SCV  
  17  1:04  SCV  
  18  1:16  SCV  
  19  1:32  Orbital Command  
  19  1:33  Reaper  
  20  1:46  Command Center  
  20  1:57  SCV  
  21  2:01  Factory  
  21  2:07  Barracks Reactor  
  21  2:10  SCV  
  21  2:15  Supply Depot  
  22  2:19  Refinery  
  22  2:22  SCV  
  24  2:37  SCV  
  24  2:43  Marine x2  
  26  2:46  Widow Mine  
  26  2:49  Starport, SCV  
  29  3:00  Marine  
  29  3:01  Marine, SCV  
  29  3:04  Orbital Command  
  31  3:13  SCV  
  31  3:18  Marine x2, Widow Mine  
  36  3:25  SCV  
  36  3:26  Medivac  
  39  3:34  SCV  
  39  3:36  Marine x2  
  39  3:37  SCV  
  42  3:43  Supply Depot, Factory Tech Lab  
  42  3:47  SCV  
  43  3:49  SCV  
  43  3:54  Marine x2  
  46  4:05  Starport Tech Lab, Barracks, Siege Tank, SCV x2  
  51  4:10  Supply Depot  
  52  4:17  SCV  
  52  4:19  Refinery  
  52  4:23  Supply Depot  
  54  4:24  Raven  
  54  4:30  Barracks  
  54  4:31  SCV x2  
  54  4:32  Marine x2  
  58  4:43  SCV x2  
  58  4:49  Marine, Engineering Bay  
  58  4:50  Marine  
  58  4:52  Supply Depot  
  58  4:55  SCV x2  
  58  4:59  Stimpack  
  60  5:00  Marine  
  61  5:08  Supply Depot, Marine x2, SCV x2  
  61  5:12  Refinery  
  65  5:16  Terran Infantry Weapons Level 1  
  65  5:18  Factory Reactor, Marine  
  65  5:19  Starport Reactor  
  66  5:22  Combat Shield  
  66  5:26  SCV x2  
  68  5:30  Marine x2  
  68  5:33  Marauder  
  71  5:36  Marauder  
  71  5:38  SCV  
  71  5:39  SCV  
  70  5:48  Marine x2  
  68  5:51  SCV x2  
  68  5:54  Marauder  
  69  5:57  Marine  
  69  5:58  Widow Mine x2  
  76  6:05  Medivac x2  
  76  6:06  Marine  
  76  6:07  Supply Depot  
  76  6:09  Supply Depot  
  76  6:10  Marine  
  80  6:15  Marauder  
  80  6:16  Marauder  
  84  6:21  Widow Mine  
  86  6:29  Marine x2, Widow Mine  
  86  6:30  Supply Depot  
  86  6:32  Supply Depot  
  89  6:36  Marauder  
  89  6:37  Marauder  
  89  6:47  Marine x2  
  86  6:49  Medivac x2, Widow Mine  
  86  6:51  Widow Mine  
  96  6:59  Marauder  
  96  7:00  Marauder  
  100  7:04  Marine x2  
  102  7:13  SCV  
  102  7:14  SCV  
  102  7:15  Terran Infantry Armor Level 1  
  104  7:16  Widow Mine x2  
  104  7:19  Medivac  
  104  7:20  Marine x2  
  104  7:22  Marine x2  
  112  7:23  Supply Depot  
  114  7:34  Command Center  
  114  7:38  Barracks  
  114  7:39  Barracks  
  114  7:41  Marine x2, Marauder  
  116  7:49  Marine  
  114  7:53  SCV x2  
  110  7:59  Marine x2  
  110  8:02  Marine  
  109  8:08  Marauder  
  109  8:09  Medivac x2, Widow Mine x2  
  109  8:10  SCV x2  
  111  8:17  Marine x2  
  112  8:20  Concussive Shells, Marauder  
  112  8:22  SCV x2  
  112  8:25  Liberator  
  112  8:26  Liberator  
  113  8:29  Marauder  
  113  8:30  Barracks Tech Lab x2  
  113  8:31  Widow Mine x2  
  118  8:42  Marauder  
  118  8:45  Marine x2  
  126  8:53  Supply Depot, Marauder  
  132  8:55  Marauder x2  
  132  9:01  Supply Depot  
  132  9:03  Marauder, Orbital Command  
  132  9:09  Marine x2  
  136  9:11  Widow Mine x2  
  136  9:15  Marauder  
  146  9:17  Marauder x2  
  145  9:24  Marauder  
  145  9:26  Marine  
  145  9:27  Marine  
  147  9:36  Marauder  
  147  9:38  Marauder x2  
  144  9:46  Marine x2, Marauder  
  139  9:57  Marauder  
  136  10:02  Marauder  
  136  10:04  Marine  
  139  10:08  Marauder  
  139  10:13  Marine  
  139  10:14  Marine  
Show
View Real Time Build Order
Export as new Build Order

llllllllllll Protoss - Winner!

Build Orders: 1 Gate Expand, Phoenix Opening, Blink Stalkers 

Get SALT Encoding   

  12  0:00  Probe  
  13  0:12  Probe  
  14  0:18  Pylon  
  14  0:24  Probe  
  15  0:32  Probe  
  15  0:37  Gateway  
  15  0:40  Probe  
  16  0:46  Assimilator  
  17  0:51  Probe  
  18  1:03  Probe  
  19  1:15  Probe  
  20  1:24  Cybernetics Core  
  20  1:34  Nexus  
  20  1:37  Probe  
  21  1:45  Pylon  
  21  1:53  Adept, Assimilator  
  21  1:54  Probe  
  22  2:06  Probe, Warp Gate  
  25  2:17  Sentry  
  25  2:18  Probe  
  27  2:30  Probe  
  28  2:41  Stalker  
  28  2:42  Probe x2  
  31  2:50  Probe  
  32  2:53  Twilight Council  
  32  2:54  Probe  
  34  3:00  Probe, Phoenix  
  35  3:06  Probe  
  35  3:10  Gateway  
  35  3:12  Probe  
  36  3:18  Blink, Probe  
  38  3:23  Probe  
  38  3:30  Probe  
  38  3:34  Probe  
  38  3:39  Robotics Facility  
  39  3:42  Probe  
  39  3:46  Probe, Pylon  
  41  3:52  Assimilator  
  41  3:55  Probe, Stalker  
  44  3:58  Probe  
  45  4:07  Probe  
  45  4:08  Stalker  
  48  4:11  Probe  
  48  4:12  Pylon  
  49  4:19  Stalker  
  51  4:24  Nexus  
  51  4:28  Observer  
  51  4:30  Probe  
  51  4:31  Probe  
  54  4:32  Stalker  
  54  4:34  Phoenix  
  54  4:36  Pylon  
  53  4:47  Probe x2  
  53  4:49  Stalker  
  53  4:51  Observer  
  58  4:58  Stalker  
  58  4:59  Probe x2  
  62  5:06  Pylon  
  62  5:08  Forge  
  62  5:09  Forge  
  62  5:13  Probe x2  
  64  5:17  Charge  
  64  5:22  Observer  
  64  5:25  Probe x2  
  67  5:37  Probe x2  
  67  5:41  Gateway  
  70  5:42  Gateway, Probe  
  70  5:43  Protoss Ground Weapons Level 1, Protoss Ground Armor Level 1  
  70  5:49  Probe  
  72  5:50  Probe  
  72  5:55  Probe  
  73  6:00  Gateway  
  73  6:01  Gateway  
  73  6:02  Probe x2  
  75  6:07  Gateway, Probe  
  75  6:09  Gateway  
  76  6:12  Sentry, Pylon  
  76  6:14  Probe  
  76  6:17  Immortal  
  83  6:20  Pylon  
  83  6:24  Pylon  
  83  6:26  Probe, Observer  
  83  6:28  Pylon  
  82  6:47  Immortal  
  82  6:49  Zealot x4  
  90  6:59  Zealot x2  
  98  7:12  Zealot  
  98  7:13  Zealot x5  
  108  7:16  Probe x3, Assimilator  
  108  7:18  Assimilator  
  108  7:20  Shield Battery  
  108  7:22  Photon Cannon  
  111  7:26  Immortal  
  111  7:28  Zealot x2  
  119  7:38  Protoss Ground Armor Level 2, Protoss Ground Weapons Level 2  
  119  7:43  Stalker x2  
  119  7:44  Stalker  
  118  7:52  Probe  
  118  7:57  Zealot x3  
  125  8:10  Zealot x4  
  123  8:13  Zealot  
  125  8:27  Pylon  
  125  8:28  Probe x2  
  125  8:29  Probe, Pylon  
  125  8:30  Templar Archives  
  125  8:32  Warp Prism, Pylon  
  125  8:33  Pylon  
  124  8:42  Probe  
  124  8:45  Probe x2, Pylon  
  124  8:47  Pylon  
  127  8:51  Stalker x2  
  127  8:52  Stalker  
  127  8:53  Psionic Storm  
  133  8:56  Zealot x5  
  143  9:07  Pylon  
  141  9:27  High Templar x4  
  141  9:29  Zealot x4  
  136  9:53  Stalker  
  136  9:54  Stalker x3  
  140  10:00  Stalker x3  
  140  10:01  Stalker  
  132  10:17  Archon  
  132  10:19  Stalker  
  132  10:20  Stalker x3  
  118  10:32  Zealot x4  
Tags
 
Add a new tag
Caveats
  • Supply blocks, unpowered buildings, or Contaminate may cause inaccurate times.
  • Supply counts are checked every 10 seconds.